 Dungeon Crawl Stone Soup version 0.27-a0-1191-g601b473118 (webtiles) character file.

Game seed: 9239817831144312433

76 senseless the Skirmisher (level 4, -6/37 HPs)
             Began as a Demonspawn Monk on May 24, 2021.
             Was a Priest of Yredelemnul.
             Killed from afar by an orc (17 damage)
             ... with an iceblast
             ... on level 3 of the Dungeon.
             The game lasted 00:10:54 (3231 turns).

senseless the Skirmisher (Demonspawn Monk)          Turns: 3231, Time: 00:10:55

Health: -6/37      AC:  3    Str: 11    XL:     4   Next: 12%
Magic:  4/4        EV: 12    Int: 12    God:    Yredelemnul [***...]
Gold:   98         SH:  6    Dex: 16    Spells: 3/3 levels left

rFire    . . .     SeeInvis .     - Unarmed
rCold    . . .     Faith    .   d - +2 buckler
rNeg     . . .     Spirit   .   a - +0 robe
rPois    .         Reflect  .   c - +0 helmet
rElec    .         Harm     .   (no cloak)
rCorr    .         Rampage  .   (no gloves)
Will     ++...                  (no boots)
Stlth    ++........             (no amulet)
HPRegen  0.12/turn              b - ring of willpower
MPRegen  0.09/turn              e - ring of willpower

@: lethally poisoned (-6 -> -10)
A: powered by pain 1
a: Renounce Religion, Recall Undead Slaves, Injury Mirror, Animate Dead


You were on level 3 of the Dungeon.
You worshipped Yredelemnul.
Yredelemnul was most pleased with you.
You visited 1 branch of the dungeon, and saw 3 of its levels.

You collected 98 gold pieces.

Inventory:

Armour
 a - a +0 robe (worn)
 c - a +0 helmet (worn)
 d - a +2 buckler (worn)
Jewellery
 b - a ring of willpower (left hand)
 e - a ring of willpower (right hand)
 g - a ring of wizardry
Scrolls
 h - a scroll of identify {unknown}
Potions
 f - a potion of berserk rage {unknown}
 j - a potion of ambrosia {unknown}


   Skills:
 * Level 4.1 Fighting
 + Level 3.2 Dodging
 - Level 1.7 Stealth
 + Level 0.1 Shields
 + Level 3.2 Unarmed Combat


You had 3 spell levels left.
You didn't know any spells.
Your spell library was empty.

Dungeon Overview and Level Annotations

Branches:
Dungeon (3/15)

Altars:
Yredelemnul


Innate Abilities, Weirdness & Mutations

You sometimes gain a little power by taking damage.


Message History

You hit the adder.
The adder is severely wounded.
You feel sick. The adder barely misses you.
You closely miss the adder.
The adder is severely wounded.
You feel sick. You block the adder's attack.
You closely miss the adder.
The adder is severely wounded.
You feel sick. The adder closely misses you.
Your orc zombie hits the orc with a +0 mace!
The orc dies!
Yredelemnul accepts your kill.
The orc misses your frilled lizard zombie.
The orc hits your orc zombie with a +0 war axe.
The adder bites you but does no damage.
You hit the adder but do no damage.
The adder is severely wounded.
You feel sick. The adder bites you but does no damage.
The orc hits your frilled lizard zombie with a +0 war axe.
The orc hits your orc zombie with a +0 war axe.
Your orc zombie is destroyed!
You miss the adder.
The adder is severely wounded.
You feel sick.
Your frilled lizard zombie barely misses the adder.
The adder bites you.
You are more poisoned.
The adder poisons you!
The orc hits your frilled lizard zombie with a +0 war axe.
Your frilled lizard zombie is destroyed!
You hit the adder.
You kill the adder!
Yredelemnul accepts your kill.
You feel sick.
You hit the orc.
The orc is heavily wounded.
You feel sick.
The orc zaps a wand.
The mass of ice explodes!
The iceblast engulfs you!
You die...
Your body rises from the dead as a mindless zombie.

.. ..... ## ...... .....##
###...... #....##. ##........
##).#.#.. #####......... #
#.......###............. ##
##.#..<##.@o))........... .###
#....#..#.###........## ...#
#...##....###........# ##Z#
#......).#.......)>..#
#Z####...##.......#........#
#..##.........#####..........#
##......###.#...# #.......##.#
#.......# #.#.#.# #.......# .
....##...#..#.#.# #########


You could see an orc.

Vanquished Creatures
  2 adders
  A dart slug (D:2)
  2 orcs (D:3)
  3 ball pythons
  3 endoplasms (D:2)
  3 giant cockroaches
  6 hobgoblins
  5 jackals
  A quokka (D:1)
  5 bats
  5 frilled lizards
  2 goblins
  5 kobolds
  3 rats (D:2)
46 creatures vanquished.

Vanquished Creatures (collateral kills)
  A worm (D:2)
  An orc (D:3)
  2 endoplasms
  2 frilled lizards (D:2)
  A kobold (D:2)
7 creatures vanquished.

Vanquished Creatures (others)
  A bat zombie (D:2)
  An adder skeleton (D:2)
  A ball python skeleton (D:2)
  2 frilled lizard zombies
  A hobgoblin skeleton (D:2)
  2 kobold zombies
  2 orc zombies (D:3)
10 creatures vanquished.

Grand Total: 63 creatures vanquished

Notes
Turn   | Place    | Note
-------+----------+-------------------------------------------
     0 | D:1      | senseless the Demonspawn Monk began the quest for the Orb.
     0 | D:1      | Reached XP level 1. HP: 18/18 MP: 1/1
   237 | D:1      | Found a faded altar of an unknown god.
   245 | D:1      | Became a worshipper of Yredelemnul the Dark
   245 | D:1      | Reached * piety under Yredelemnul
   245 | D:1      | Reached ** piety under Yredelemnul
   343 | D:1      | Gained mutation: You sometimes gain a little power by
                  | taking damage. [demonic ancestry]
   343 | D:1      | Reached XP level 2. HP: 24/24 MP: 2/2
  1254 | D:2      | Reached *** piety under Yredelemnul
  1255 | D:2      | Reached XP level 3. HP: 7/30 MP: 3/3
  2377 | D:2      | Reached skill level 4 in Fighting
  3216 | D:3      | Reached XP level 4. HP: 31/37 MP: 4/4
  3231 | D:3      | Killed from afar by an orc

Illustrated notes

Levels and vault maps discovered:
D:1:      minmay_arrival_diagonal_passages, layout_loops_ring,
          chequers_ecumenical_altar_simple,
          wander_ebering_terrifying_dragon_lair
D:2:      minmay_recursive_quarters, layout_basic, chequers_jeans
D:3:      layout_rooms

Skill      XL: |  1  2  3 |
---------------+----------+-----
Dodging        | 3 |  3.2
Unarmed Combat | 3 |  3.2
Fighting       | 4 |  4.1
Stealth        | |  1.7
Shields        | |  0.1

Action                   |  1- 3 |  4- 6 || total
-------------------------+-------+-------++-------
Melee: Unarmed           |   183 |     9 ||   192
Invok: Animate Remains   |     3 |       ||     3
       Animate Dead      |     9 |       ||     9
  Use: Scroll            |     3 |       ||     3
       Potion            |     1 |       ||     1
 Stab: Sleeping          |     5 |       ||     5
Armor: Robe              |    26 |     2 ||    28
Dodge: Dodged            |   101 |     6 ||   107
Block: Buckler           |    31 |     2 ||    33

Table legend: (Time is in decaauts)
 A = Elapsed time spent in this place.
 B = Non-inter-level travel time spent in this place.
 C = Inter-level travel time spent in this place.
 D = Time resting spent in this place.
 E = Time spent auto-exploring this place.
 F = Levels seen in this place.
 G = Mean time per level.
                   A        B        C        D        E       F      G
               +--------+--------+--------+--------+--------+-----+--------+
         Total |   3230 |   3212 |     18 |    575 |   2201 |   3 | 1076.7 |
       Dungeon |   3230 |   3212 |     18 |    575 |   2201 |   3 | 1076.7 |
               +--------+--------+--------+--------+--------+-----+--------+

Top non-repeatable levels by time:
     D:2: 1566 daAuts
     D:1: 1135 daAuts
     D:3: 528 daAuts
